 Dungeon Crawl Stone Soup version 0.21.0 (webtiles) character file.

392 TheDeThijs the Chopper (level 6, -3/53 HPs)
             Began as a Hill Orc Fighter on Jan 6, 2018.
             Slain by an ogre
             ... wielding a +0 giant club
              (27 damage)
             ... on level 5 of the Dungeon.
             The game lasted 00:13:22 (3293 turns).

TheDeThijs the Chopper (Hill Orc Fighter)           Turns: 3293, Time: 00:13:23

Health: -3/53      AC: 10    Str: 22 (24) XL:     6   Next: 80%
Magic:  6/6        EV:  7    Int:  6 (8)  God:
Gold:   187        SH:  9    Dex:  7 (12) Spells: 5/5 levels left

rFire    . . .     SeeInvis .   a - +1 war axe
rCold    . . .     Gourm    .   c - +0 shield
rNeg     . . .     Faith    .   b - +1 scale mail
rPois    .         Spirit   .   (no helmet)
rElec    .         Reflect  .   q - +0 cloak
rCorr    .         Harm     .   (no gloves)
MR       .....                  j - +0 pair of boots
Stlth    ..........             (no amulet)
HPRegen  0.17/turn              n - ring of flight
MPRegen  0.10/turn              (no ring)

@: mighty
A: no striking features
a: Evoke Flight


You were on level 5 of the Dungeon.
You were not hungry.

You visited 1 branch of the dungeon, and saw 5 of its levels.

You collected 187 gold pieces.

Inventory:

Hand Weapons
 a - a +1 war axe (weapon)
Armour
 b - a +1 scale mail (worn)
 c - a +0 shield (worn)
 j - a +0 pair of boots (worn)
 l - a +0 plate armour
 q - a +0 cloak (worn)
Jewellery
 n - a ring of flight (left hand)
Wands
 g - a wand of random effects (12)
Scrolls
 e - 2 scrolls of identify
 i - 2 scrolls of remove curse
 k - a scroll of immolation
Potions
 h - a potion of heal wounds
 p - a potion of curing
Comestibles
 f - 6 rations


   Skills:
 + Level 4.5 Fighting
 * Level 7.6 Axes
 - Level 4.0 Armour
 - Level 4.1 Shields
 + Level 0.1 Evocations


You had 5 spell levels left.
You didn't know any spells.

Dungeon Overview and Level Annotations

Branches:
Dungeon (5/15)
 Temple: D:4-7

Altars:
Cheibriados
Qazlal

Annotations:
D:4 Dirtsage's ghost, amateur DsFi


Message History

The quasit bites you but does no damage.
You block the quasit's attack. x2
You slash the quasit!
The quasit is almost dead.
The quasit barely misses you.
The quasit claws you but does no damage. x2
You slice the quasit!!
You kill the quasit!
The orc hits you with a club.
You barely miss the orc. The orc hits you but does no damage.
You see here 7 gold pieces.
You block the orc's attack.
You see here a scroll of remove curse.
You block the leopard gecko's attack. The leopard gecko closely misses you.
Found a stone staircase leading up.
The orc hits you with a club.
You hear the slow hiss of an avalanche of sand nearby.
The ogre hits you with a giant club!!
Ouch! That really hurt!
You die...

......<#####.#.#.#..#
....##..## #........#
.....##..# #.#.#.#..#
...#...#.###........#
...###....##.#.#.#..#
.#.# ##.$?...l......#
##.
#######..o....####.
##.##........
#.O@.##.###. ####.# #
#... ...... ####.#..
...# .## #


You could see an ogre.

Vanquished Creatures
  An ice beast (D:3)
  A scorpion (D:4)
  A quasit (D:5)
  An iguana (D:4)
  A worker ant (D:3)
  4 gnolls (D:3)
  4 adders (D:2)
  An ooze (D:3)
  An adder zombie (D:4)
  A worm (D:3)
  3 dart slugs
  3 leopard geckos
  3 orcs
  3 giant cockroaches
  10 goblins
  8 hobgoblins
  4 jackals (D:3)
  9 kobolds
  2 quokkas
  2 ball pythons
  10 bats
  6 frilled lizards
  A quokka skeleton (D:4)
  4 rats
84 creatures vanquished.

Notes
Turn   | Place    | Note
-------+----------+-------------------------------------------
     0 | D:1      | TheDeThijs the Hill Orc Fighter began the quest for the Orb.
     0 | D:1      | Reached XP level 1. HP: 19/19 MP: 1/1
    45 | D:1      | Reached XP level 2. HP: 17/27 MP: 2/2
   390 | D:1      | Reached skill level 3 in Axes
   454 | D:1      | Reached XP level 3. HP: 31/33 MP: 3/3
   837 | D:2      | Reached skill level 4 in Axes
   837 | D:2      | Reached XP level 4. HP: 34/40 MP: 4/4
   870 | D:2      | Found a stormy altar of Qazlal.
  1467 | D:3      | Noticed an ice beast
  1478 | D:3      | Killed an ice beast
  1478 | D:3      | Reached skill level 5 in Axes
  1478 | D:3      | Reached XP level 5. HP: 36/46 MP: 5/5
  1500 | D:3      | Reached skill level 6 in Axes
  1621 | D:3      | Found a snail-covered altar of Cheibriados.
  1695 | D:3      | Reached XP level 6. HP: 42/52 MP: 6/6
  2376 | D:4      | Reached skill level 7 in Axes
  2614 | D:4      | Noticed Dirtsage's ghost (amateur DsFi)
  3244 | D:5      | Entered Level 5 of the Dungeon
  3293 | D:5      | Slain by an ogre

Skill      XL: |  1  2  3  4  5  6 |
---------------+-------------------+-----
Axes           | 3 4 5 6 7 |  7.6
Fighting       | 4 |  4.5
Armour         | 4 |  4.0
Shields        | 4 |  4.1
Evocations     | |  0.1

Action                   |  1- 3 |  4- 6 || total
-------------------------+-------+-------++-------
Melee: War axe           |   103 |   205 ||   308
Evoke: Wand              |       |    11 ||    11
  Use: Potion            |       |     8 ||     8
       Scroll            |       |     8 ||     8
  Eat: Chunk             |       |     5 ||     5
       Ration            |       |     1 ||     1
Armor: Scale mail        |    56 |    98 ||   154
       Ring mail         |       |     3 ||     3
Dodge: Dodged            |    42 |    63 ||   105
Block: Shield            |    67 |   118 ||   185
